Map: Romanticide LE

Players

RazerBlader

  • Race: Terran Terran
  • League: Master
  • Spawn Location: 5:00

Demi - Winner!

  • Race: Zerg Zerg
  • League: Master
  • Spawn Location: 11:00

Event: DreamHack SC2 Masters 2020 Winter

VOD

Have the link to the VOD?

Description

Time

  • Played on: Oct. 17, 2020, 1:58 a.m.
  • Length: 19:54

All games in this series

Show
View Real Time Build Order
Export as new Build Order

RazerBlader Terran 

Build Orders: Liberator Opening 

Get SALT Encoding   

  12  0:00  SCV  
  13  0:12  SCV  
  14  0:17  Supply Depot  
  14  0:24  SCV  
  15  0:29  Refinery  
  15  0:39  SCV  
  16  0:45  Barracks  
  16  0:51  SCV  
  17  1:03  SCV  
  18  1:15  SCV  
  19  1:32  Barracks Reactor, Orbital Command  
  19  1:43  Command Center  
  19  1:54  Factory  
  19  1:59  SCV  
  20  2:05  Supply Depot  
  20  2:08  Marine  
  21  2:10  Marine  
  21  2:14  SCV  
  23  2:26  Marine  
  23  2:27  SCV  
  23  2:28  Marine  
  26  2:39  SCV  
  26  2:40  Starport  
  26  2:41  Refinery  
  27  2:54  Hellion x2  
  27  2:56  Orbital Command  
  31  2:58  SCV  
  32  3:06  Marine  
  33  3:14  SCV  
  33  3:16  Hellion x2  
  33  3:19  Medivac  
  40  3:28  Supply Depot  
  40  3:31  Armory  
  40  3:38  Marine  
  40  3:40  Hellion  
  43  3:42  Hellion  
  43  3:44  SCV  
  46  3:52  Liberator  
  49  4:01  Hellion, Barracks Tech Lab  
  51  4:03  SCV, Hellion  
  51  4:08  Supply Depot  
  54  4:29  SCV  
  53  4:34  Hellion  
  53  4:35  SCV, Hellion, Stimpack, Marine  
  46  4:42  SCV  
  43  4:47  SCV  
  43  4:49  Hellion x2  
  44  4:53  Supply Depot  
  44  4:54  SCV  
  44  4:59  SCV  
  46  5:06  SCV  
  47  5:11  SCV  
  48  5:15  Marine  
  48  5:18  SCV  
  50  5:23  SCV, Command Center  
  51  5:30  SCV, Starport Reactor  
  51  5:33  Marine  
  54  5:35  SCV  
  54  5:38  Factory Reactor  
  54  5:42  SCV  
  55  5:44  Engineering Bay x2, Barracks  
  55  5:45  Barracks  
  55  5:47  SCV, Refinery  
  55  5:48  Refinery  
  56  5:54  SCV  
  56  5:55  Marine  
  58  5:59  SCV  
  59  6:06  SCV  
  59  6:07  Hellion x3  
  60  6:12  SCV, Terran Infantry Weapons Level 1, Terran Infantry Armor Level 1  
  60  6:13  Marine  
  60  6:18  SCV, Starport Reactor  
  60  6:19  Combat Shield  
  60  6:22  Widow Mine x2  
  60  6:24  SCV  
  66  6:25  Factory  
  66  6:30  SCV  
  66  6:31  Marine  
  68  6:34  Marine x2  
  68  6:36  SCV, Orbital Command  
  71  6:41  Marine  
  71  6:43  SCV  
  71  6:44  Widow Mine x2  
  77  6:48  SCV, Marine  
  77  6:49  Marine  
  77  6:52  Marine  
  81  6:57  Marine  
  81  6:58  Orbital Command, Marine  
  81  7:00  SCV  
  84  7:06  SCV, Marine  
  84  7:08  Marine, Barracks x2  
  86  7:10  Marine  
  86  7:11  Supply Depot, Factory Tech Lab  
  86  7:12  Widow Mine x2  
  92  7:17  Supply Depot, Marine  
  92  7:18  Supply Depot  
  93  7:23  SCV x2, Medivac x2, Marine  
  93  7:26  SCV  
  98  7:30  Marine x2  
  98  7:35  SCV  
  101  7:38  Drilling Claws  
  101  7:41  Thor  
  107  7:45  SCV x2  
  107  7:46  Missile Turret  
  109  7:53  Marine x3  
  109  7:54  Medivac x2  
  109  7:57  Missile Turret  
  116  8:01  Barracks Reactor x2, Supply Depot  
  116  8:04  SCV  
  117  8:07  Missile Turret x2  
  117  8:16  SCV x2, Marine  
  117  8:17  Marine x3  
  117  8:19  Marine  
  124  8:22  Widow Mine x2  
  124  8:26  Supply Depot  
  128  8:28  Supply Depot  
  128  8:34  Marine x2  
  130  8:43  Marine x2  
  130  8:46  Marine  
  130  8:47  Command Center, Marine, Thor  
  130  8:48  Marine x2  
  142  8:58  Widow Mine x2  
  142  8:59  Terran Infantry Armor Level 2, Terran Infantry Weapons Level 2  
  146  9:03  Supply Depot  
  146  9:04  SCV, Supply Depot  
  146  9:08  Marine  
  144  9:10  Marine x2  
  144  9:12  Marine  
  144  9:14  Marine  
  144  9:15  Marine  
  144  9:16  Marine  
  150  9:17  Medivac  
  150  9:18  Medivac  
  154  9:24  Marine  
  154  9:25  Marauder  
  154  9:26  Marine  
  154  9:29  SCV, Marine x2  
  154  9:30  Marine  
  162  9:33  Marine  
  162  9:34  Marine  
  162  9:37  Widow Mine x2  
  170  9:38  Widow Mine  
  170  9:39  Marine  
  170  9:42  Marine  
  161  9:46  Marauder, Marine  
  161  9:47  Marine  
  161  9:50  Marine x2  
  161  9:52  Bunker, Marine  
  167  9:55  Terran Vehicle And Ship Armor Level 1  
  167  9:56  Medivac  
  170  10:02  Marine x2  
  170  10:05  Supply Depot, Marine  
  170  10:06  Thor  
  170  10:07  Widow Mine  
  181  10:08  Medivac  
  181  10:19  Marine x3  
  179  10:22  Widow Mine  
  179  10:26  Medivac, Marine x2  
  179  10:27  Marine  
  184  10:31  Planetary Fortress  
  184  10:33  Marine  
  184  10:34  Missile Turret  
  185  10:36  Marine  
  185  10:37  Refinery  
  185  10:38  Medivac  
  185  10:41  Marine  
  185  10:42  Refinery  
  189  10:44  Sensor Tower  
  189  10:45  Marine x2  
  189  10:46  Marine  
  189  10:48  SCV  
  189  10:49  Widow Mine  
  195  10:52  Widow Mine  
  195  10:56  Widow Mine, Marine  
  196  11:06  Marauder, Marine x2  
  198  11:13  Marine x2  
  200  11:23  Terran Infantry Weapons Level 3  
  199  11:28  Marine  
  199  11:29  Missile Turret  
  199  11:30  Command Center  
  200  11:33  Terran Infantry Armor Level 3  
  199  11:40  Marine  
  199  11:41  Concussive Shells  
  200  11:56  Marine  
  200  11:57  Marine  
  200  12:06  Marine  
  200  12:07  Command Center  
  188  12:10  Marine  
  188  12:11  Widow Mine x2, Thor  
  197  12:15  Marine  
  198  12:26  Marine  
  198  12:27  Marine x3  
  198  12:28  Marine  
  197  12:31  Marine  
  197  12:32  Marine  
  190  12:37  Marine, Barracks  
  190  12:38  Marauder, Barracks  
  190  12:39  Ghost Academy  
  190  12:40  Barracks  
  190  12:44  Marine x2  
  192  12:45  Marine x2  
  192  12:49  Marine  
  196  12:53  Marine x2  
  196  12:58  Marine  
  176  12:59  Marauder  
  176  13:02  Marine x3  
  176  13:04  Marine  
  181  13:08  Marine  
  164  13:21  Marauder  
  154  13:30  Marine, Barracks Tech Lab x3  
  154  13:31  Marine x2, Thor  
  154  13:32  Marine, Widow Mine  
  154  13:33  Marine  
  160  13:36  Planetary Fortress  
  160  13:38  SCV x2  
  160  13:39  SCV  
  161  13:42  Marauder  
  161  13:45  Marine  
  164  13:48  Orbital Command  
  164  13:50  Missile Turret, Marine  
  164  13:53  Marine  
  166  13:55  Marauder  
  166  14:00  Marine x2  
  166  14:01  Marauder x2  
  172  14:03  Marauder  
  172  14:04  Marine  
  172  14:09  Marine x2  
  175  14:17  Marauder, Widow Mine  
  175  14:18  Widow Mine x2, Marine  
  175  14:22  Marauder x2  
  175  14:23  Marine x4  
  175  14:24  Marine  
  186  14:25  Marauder  
  186  14:28  SCV  
  186  14:30  Medivac  
  186  14:31  Medivac  
  193  14:34  Marine x2  
  195  14:38  Marauder  
  195  14:40  Marine  
  195  14:41  Marine  
  195  14:43  Marauder  
  195  14:44  Marauder  
  200  14:55  Command Center, Refinery, Widow Mine x2  
  200  14:57  Marine x2  
  200  15:03  Widow Mine  
  200  15:13  Liberator  
  186  15:17  Ghost, Marine x3, Liberator  
  186  15:18  Marauder x3  
  186  15:19  Widow Mine  
  174  15:22  Marine x2  
  174  15:26  Marine x2  
  174  15:27  Marine  
  148  15:35  Marine x2  
  147  15:36  Widow Mine x2, Marine  
  147  15:39  SCV, Marauder x3  
  147  15:40  Marine  
  161  15:46  Ghost  
  161  15:48  Sensor Tower  
  163  15:53  Marine x2  
  163  15:56  Medivac  
  167  16:00  Medivac  
  167  16:01  Marauder x3  
  152  16:09  Marine  
  152  16:10  Marine x2  
  152  16:11  Marine  
  132  16:15  Marauder  
  132  16:16  Marine  
  126  16:21  Marine  
  126  16:22  Marauder x3  
  126  16:24  Marine x2  
  129  16:26  Medivac  
  129  16:27  SCV x2  
  129  16:29  Marine  
  132  16:36  Marauder  
  132  16:37  Marine  
  132  16:39  Marine  
  135  16:41  Marine  
  135  16:43  Ghost, Marauder x2  
  141  16:47  Marine  
  141  16:52  Marine  
  141  16:53  Medivac, Marine x2  
  128  16:56  Marine  
  128  16:58  Marauder  
  124  17:04  Ghost, Widow Mine  
  124  17:05  Marauder  
  124  17:06  Orbital Command  
  130  17:12  Marine, Widow Mine  
  135  17:16  Marine  
  135  17:19  Marauder  
  132  17:24  Marine  
  132  17:26  Marauder  
  132  17:27  Marine  
  124  17:31  Planetary Fortress  
  118  17:43  Marauder x2  
  122  17:47  Personal Cloaking  
  122  17:48  SCV  
  123  17:54  Marauder x2, Marine  
  123  17:56  SCV  
  127  18:01  Widow Mine  
  127  18:02  Widow Mine, Marine x3  
  135  18:05  SCV x2  
  135  18:06  SCV, Marine  
  135  18:09  Marauder, Marine x2  
  142  18:20  Ghost, Marine  
  142  18:21  Marauder x2  
  142  18:22  Marine  
  142  18:27  SCV, Marine  
  151  18:31  Marauder  
  154  18:35  Liberator  
  154  18:37  Refinery  
  154  18:38  Refinery  
  157  18:42  Command Center, Marauder x2  
  157  18:44  Marine x2  
  157  18:45  Marine x2  
  157  18:46  Refinery  
  157  18:47  SCV  
  157  18:48  Marine  
  166  18:49  Marine x2  
  166  18:50  Marauder  
  166  18:52  Marauder  
  166  19:05  Marauder x2, Marine x2  
  135  19:18  Marine  
  135  19:19  Marauder x2, Marine x2  
  123  19:30  Marine x2  
  123  19:31  Marine x3  
  89  19:34  Marine  
  89  19:35  Marine  
Show
View Real Time Build Order
Export as new Build Order

Demi Zerg - Winner!

Build Orders: Hatch First, Muta Ling Bane 

Get SALT Encoding   

  12  0:00  Drone  
  13  0:13  Overlord  
  13  0:17  Drone  
  14  0:31  Drone x2  
  16  0:48  Hatchery  
  15  0:51  Drone  
  15  0:55  Drone  
  17  0:58  Drone  
  18  1:09  Extractor  
  17  1:13  Spawning Pool  
  17  1:16  Drone  
  17  1:19  Drone  
  18  1:29  Drone  
  19  1:40  Drone  
  20  1:51  Overlord  
  20  2:00  Queen x2  
  24  2:01  Zergling x4  
  26  2:11  Drone  
  26  2:12  Drone  
  28  2:17  Metabolic Boost  
  28  2:22  Drone  
  29  2:32  Drone  
  30  2:39  Hatchery  
  29  2:45  Drone x3  
  29  2:50  Overlord  
  32  2:56  Pneumatized Carapace  
  31  3:03  Queen  
  33  3:08  Drone x2  
  33  3:12  Drone  
  36  3:13  Drone  
  37  3:21  Drone  
  37  3:22  Overlord, Drone  
  39  3:28  Drone x2  
  41  3:35  Baneling Nest  
  40  3:44  Drone x2  
  40  3:45  Queen  
  40  3:47  Queen  
  46  3:49  Overlord  
  46  3:52  Queen  
  48  3:56  Zergling x4  
  48  3:59  Spore Crawler  
  48  4:01  Zergling x2  
  48  4:02  Zergling x2  
  51  4:09  Zergling x8  
  55  4:15  Overlord  
  55  4:18  Baneling x4  
  55  4:21  Zergling x6  
  58  4:25  Overlord  
  55  4:40  Drone x7  
  58  4:45  Spore Crawler  
  58  4:48  Spore Crawler  
  58  4:51  Drone x3  
  59  5:01  Drone  
  59  5:02  Drone  
  59  5:05  Baneling  
  61  5:07  Overlord  
  61  5:09  Drone x2  
  63  5:15  Drone x4  
  63  5:18  Drone x4  
  63  5:19  Drone  
  63  5:21  Lair, Extractor  
  71  5:22  Extractor  
  71  5:26  Drone x2  
  71  5:27  Drone  
  73  5:31  Drone x2  
  75  5:37  Drone  
  75  5:42  Drone x2  
  78  5:43  Drone  
  78  5:44  Overlord x2, Evolution Chamber  
  78  5:45  Evolution Chamber  
  77  5:52  Extractor x2  
  75  6:00  Drone  
  75  6:01  Drone x5  
  81  6:04  Hatchery, Extractor  
  81  6:05  Drone x2  
  81  6:16  Baneling x2  
  81  6:17  Drone x2  
  81  6:18  Drone  
  84  6:24  Centrifical Hooks, Drone  
  85  6:26  Spire  
  85  6:27  Drone x2  
  85  6:28  Overlord x2  
  85  6:30  Zergling x6  
  85  6:32  Overseer  
  89  6:39  Zergling x10  
  94  6:40  Zerg Ground Armor Level 1  
  94  6:48  Zerg Melee Weapons Level 1  
  94  6:52  Drone x2  
  96  6:58  Overlord x2  
  96  7:00  Drone x3  
  99  7:10  Overlord x5  
  99  7:16  Hatchery, Queen  
  100  7:25  Drone x2  
  100  7:26  Drone x5  
  100  7:27  Baneling x4  
  100  7:28  Zergling x8  
  111  7:36  Overseer  
  111  7:39  Zergling x10, Zerg Flyer Weapons Level 1  
  111  7:40  Zergling x4  
  111  7:44  Extractor x2  
  117  7:47  Mutalisk x4  
  117  7:49  Overseer  
  124  7:57  Mutalisk x4  
  132  8:00  Mutalisk  
  132  8:05  Zergling x16  
  142  8:06  Zergling x2  
  142  8:11  Baneling x4  
  143  8:14  Drone x2  
  143  8:16  Infestation Pit  
  143  8:19  Drone  
  145  8:20  Drone x5  
  145  8:23  Baneling x10  
  145  8:24  Baneling x2  
  150  8:32  Zergling x16  
  150  8:33  Zergling x2  
  159  8:36  Baneling x7  
  159  8:47  Mutalisk x3  
  165  8:50  Overlord  
  165  8:51  Overlord x2  
  165  8:52  Zergling x10  
  165  8:53  Zergling x2  
  171  8:56  Zerg Ground Armor Level 2  
  169  9:10  Zerg Melee Weapons Level 2  
  169  9:12  Zergling x24  
  181  9:24  Hive  
  181  9:26  Zergling x30  
  196  9:32  Queen  
  189  9:48  Overlord  
  189  9:52  Zergling x2  
  189  9:53  Zergling x16  
  197  10:01  Baneling x2  
  197  10:02  Baneling x6  
  197  10:03  Baneling x2  
  197  10:07  Baneling x3  
  197  10:08  Baneling x7  
  197  10:11  Baneling x4  
  197  10:17  Mutalisk x2  
  199  10:36  Baneling x4  
  199  10:37  Adrenal Glands  
  199  10:43  Ultralisk Cavern  
  198  11:05  Baneling x10  
  181  11:12  Mutalisk x3  
  185  11:21  Zergling x2  
  185  11:22  Zergling x26  
  199  11:28  Hatchery  
  198  11:33  Chitinous Plating  
  198  11:35  Zerg Melee Weapons Level 3, Zerg Ground Armor Level 3  
  198  11:37  Corruptor x4  
  192  11:50  Ultralisk  
  192  11:51  Zergling x2  
  192  11:52  Zergling x2  
  200  11:58  Zergling x26, Ultralisk  
  195  12:09  Overlord x3  
  195  12:10  Overlord  
  195  12:14  Overlord x3  
  188  12:17  Baneling x12  
  187  12:29  Ultralisk  
  185  12:30  Zergling x18, Ultralisk  
  190  12:41  Queen  
  190  12:44  Zergling x4, Ultralisk  
  198  12:52  Anabolic Synthesis  
  187  13:03  Ultralisk x2  
  187  13:04  Zergling x10  
  184  13:32  Zergling x6, Ultralisk x2  
  184  13:33  Zergling x24  
  199  13:37  Overseer x2  
  199  13:38  Zerg Flyer Weapons Level 2  
  199  13:44  Extractor  
  199  13:46  Extractor  
  197  13:55  Corruptor  
  199  14:11  Mutalisk  
  197  14:26  Mutalisk x2  
  199  14:32  Hatchery  
  186  15:07  Baneling x8  
  186  15:09  Zergling x12  
  186  15:10  Zergling x14  
  192  15:20  Zergling x2  
  192  15:21  Zergling x24  
  190  15:32  Baneling x4  
  190  15:33  Baneling x14  
  190  15:34  Corruptor x7  
  190  15:42  Queen  
  192  15:49  Baneling  
  192  15:50  Baneling x12  
  192  15:51  Zergling x16  
  200  16:04  Zergling x4, Ultralisk x3  
  194  16:05  Zergling x34  
  194  16:06  Hatchery  
  191  16:15  Zergling x4  
  191  16:16  Zergling x8  
  190  16:23  Greater Spire  
  190  16:24  Baneling  
  190  16:25  Baneling x14  
  187  16:28  Overseer x3  
  186  16:33  Queen  
  186  16:37  Baneling x12  
  172  16:54  Zergling x6  
  172  16:55  Zergling x30  
  188  17:07  Zergling x2  
  188  17:08  Zergling x16  
  194  17:19  Spawning Pool  
  188  17:40  Overseer  
  188  17:55  Hatchery  
  180  18:23  Brood Lord x9  
  196  18:43  Spore Crawler  
  192  18:55  Queen  
  194  19:02  Baneling x6  
  194  19:03  Baneling x7  
  194  19:08  Corruptor x5  
  198  19:16  Zergling x14  
  198  19:17  Zergling x46  
  188  19:28  Overlord  
  184  19:37  Zergling x16  
Tags
 
Add a new tag
Caveats
  • Supply blocks, unpowered buildings, or Contaminate may cause inaccurate times.
  • Supply counts are checked every 10 seconds.